 Dungeon Crawl Stone Soup version 0.16.2-3-ga078185 (webtiles) character file.

252 gorblad the Skirmisher (level 5, -5/42 HPs)
             Began as a Mummy Fighter on Sept 8, 2015.
             Was an Initiate of Dithmenos.
             Slain by an ogre
             ... wielding a +0 giant spiked club
              (24 damage)
             ... on level 4 of the Dungeon.
             The game lasted 00:09:06 (3450 turns).

gorblad the Skirmisher (Mummy Fighter)              Turns: 3450, Time: 00:09:06

Health: -5/42      AC: 11    Str: 19    XL:     5   Next: 89%
Magic:  5/5        EV:  7    Int:  7    God:    Dithmenos [......]
Gold:   225        SH:  9    Dex: 12    Spells: 0 memorised, 4 levels left

rFire  x . .     SeeInvis .     a - +1 long sword
rCold  + + .     Clarity  .     f - +3 scale mail {rPois}
rNeg   + + +     SustAb   .     c - +0 shield
rPois  ∞         Gourm    .     (no helmet)
rElec  .         Spirit   .     g - +0 cloak
rCorr  .         Warding  .     (no gloves)
rMut   .         Stasis   .     (no boots)
MR     .....                    (no amulet)
Stlth  ..........               k - ring of teleport control (curse)
                                d - ring of protection from cold

@: not resistant to hostile enchantments, extremely unstealthy
A: no food or potions, fire vulnerability, restore body, cold resistance 1,
negative energy resistance 3, poison resistance, torment resistance, unbreathing
a: Renounce Religion, Evoke Teleport Control


You were on level 4 of the Dungeon.
You worshipped Dithmenos.
Dithmenos was noncommittal.
You were not hungry.

You visited 2 branches of the dungeon, and saw 5 of its levels.

You collected 225 gold pieces.

Inventory:

Hand weapons
 a - a +1 long sword (weapon)
 l - a +0 rapier
Armour
 b - a +0 scale mail
 c - a +0 shield (worn)
 f - a +3 scale mail of poison resistance (worn)
 g - a +0 cloak (worn)
 j - a +1 leather armour of poison resistance
Jewellery
 d - a ring of protection from cold (left hand)
 i - a +2 ring of strength {unknown}
 k - a cursed ring of teleport control (right hand)
Scrolls
 e - 3 scrolls of identify


   Skills:
 + Level 3.9 Fighting
 + Level 2.5 Long Blades
 + Level 0.2 Throwing
 + Level 3.2 Armour
 + Level 1.4 Dodging
 + Level 0.3 Stealth
 + Level 3.4 Shields


You had 4 spell levels left.
You didn't know any spells.

Dungeon Overview and Level Annotations

Branches:
Dungeon (4/15)             Temple (1/1) D:4

Altars:
Cheibriados
Dithmenos
Elyvilon
Fedhas
Gozag
Kikubaaqudgha
Makhleb
Nemelex Xobeh
Okawaru
Qazlal
Ru
Trog
Vehumet
Yredelemnul
Zin


Innate Abilities, Weirdness & Mutations

You do not eat or drink.
Your flesh is vulnerable to fire.
Your flesh is cold resistant.
You are immune to negative energy.
Your system is resistant to poisons.
You are immune to unholy pain and torment.
You can survive without breathing.


Message History

There is a stone staircase leading up here.
Things that are here:
a club; a goblin corpse An ogre comes into view.
It is wielding a giant spiked club.
Found a scroll of identify.
The ogre closely misses you.
You completely miss the ogre.
The ogre hits you with a giant spiked club!
You hit the ogre but do no damage. The ogre closely misses you.
You hit the ogre.
The ogre is lightly wounded.
You block the ogre's attack.
You slash the ogre!
The ogre is heavily wounded.
The ogre hits you with a giant spiked club!
You closely miss the ogre.
The ogre is heavily wounded.
The ogre hits you with a giant spiked club!!
Ouch! That really hurt!
You die...

#####....)....##### ##...##.#
....#.####.##.# ####..#..#.#
###.#÷# #.##.# #....###...# #.#.#
#.##.#### #.##.†#..### #...#
..##....# #.###...###### #.###
#######.###.#........... ###.#
#.......##........ ....#
#.......########## .####
#@.....## # .# ...?...O>#.#.## #
.# #######.#.#.# ###
.###############.#.#.# #..
...................#.# #.#
###########.##.##.##.### #.#
.......###.........#...########..
######.#.....).......#.##.......#
#...#..⌠...⌠..#.#.##.#####..


You could see an ogre.

Vanquished Creatures
  2 hounds (D:4)
  An orc priest (D:3)
  Jessica (D:2)
  Terence (D:2)
  6 adders
  A gnoll (D:4)
  6 giant geckos
  6 orcs
  A ball python (D:4)
  3 giant cockroaches
  7 goblins
  7 hobgoblins
  A quokka (D:3)
  8 bats
  2 giant newts (D:2)
  7 kobolds
  A quokka skeleton (D:4)
  6 rats
67 creatures vanquished.

Notes
Turn   | Place    | Note
--------------------------------------------------------------
     0 | D:1      | gorblad, the Mummy Fighter, began the quest for the Orb.
     0 | D:1      | Reached XP level 1. HP: 18/18 MP: 1/1
   314 | D:1      | Reached XP level 2. HP: 24/24 MP: 2/2
   544 | D:2      | Noticed Terence
   555 | D:2      | Killed Terence
   831 | D:2      | Noticed Jessica
   837 | D:2      | Killed Jessica
   837 | D:2      | Reached XP level 3. HP: 27/29 MP: 3/3
  1154 | D:2      | Found a stormy altar of Qazlal.
  1372 | D:3      | Reached XP level 4. HP: 33/36 MP: 4/4
  1801 | D:3      | Reached skill level 1 in Dodging
  1961 | D:3      | Found an opulent altar of Gozag.
  1962 | D:3      | Found a sparkling altar of Nemelex Xobeh.
  2031 | D:3      | Reached XP level 5. HP: 42/42 MP: 5/5
  2715 | D:4      | Found a staircase to the Ecumenical Temple.
  2756 | Temple   | Entered the Ecumenical Temple
  2784 | Temple   | Became a worshipper of Dithmenos the Shadowed
  2977 | D:4      | HP: 1/42 [gnoll/spear (2)]
  3443 | D:4      | Noticed an ogre
  3450 | D:4      | Slain by an ogre

Action                   |  1- 3 |  4- 6 || total
-------------------------+-------+-------++-------
Melee: Long sword        |   103 |   174 ||   277
Throw: Tomahawk          |       |     3 ||     3
  Use: Scroll            |     3 |     6 ||     9
